Map: Pylon LE

Players

CraftStar

  • Race: Terran Terran
  • League: Platinum
  • Spawn Location: 11:00

SubN - Winner!

  • Race: Zerg Zerg
  • League: Diamond
  • Spawn Location: 5:00

VOD

Have the link to the VOD?

Description

Time

  • Played on: July 30, 2025, 10:40 p.m.
  • Length: 3:43
Show
View Real Time Build Order
Export as new Build Order

CraftStar Terran 

Build Orders:  

Get SALT Encoding   

Show
View Real Time Build Order
Export as new Build Order

SubN Zerg - Winner!

Build Orders: Hatch First 

Get SALT Encoding   

  12  0:00  Drone  
  13  0:12  Overlord  
  13  0:17  Drone  
  14  0:30  Drone x2  
  16  0:46  Hatchery  
  16  0:49  Drone  
  16  0:52  Drone  
  16  0:56  Drone  
  18  1:03  Extractor  
  17  1:12  Spawning Pool  
  17  1:15  Drone  
  17  1:18  Drone  
  18  1:27  Drone  
  19  2:00  Queen x2  
  19  2:01  Zergling x8  
  27  2:09  Overlord  
  27  2:13  Metabolic Boost  
  27  2:16  Overlord  
  27  2:28  Drone x2  
  29  2:30  Drone  
  30  2:43  Queen  
  32  2:48  Queen  
  34  3:08  Hatchery  
  33  3:24  Zergling x2  
  33  3:25  Zergling x12  
Tags
 
Matchup
TvZ
Replay Pack
Multiplayer
Spawn Locations
Cross Positions
Add a new tag
Caveats
  • Supply blocks, unpowered buildings, or Contaminate may cause inaccurate times.
  • Supply counts are checked every 10 seconds.